 Dungeon Crawl Stone Soup version 0.27.0-1-g7a089689b8 (webtiles) character file.

Game seed: 17991339298460757218

191 H0rd4k the Caller (level 5, 0/35 HPs)
             Began as a Barachi Summoner on Aug 4, 2021.
             Succumbed to a water moccasin's poison
             ... on level 4 of the Dungeon on Aug 5, 2021.
             The game lasted 00:12:46 (7070 turns).

H0rd4k the Caller (Barachi Summoner)                Turns: 7070, Time: 00:12:47

Health: 0/35       AC:  6    Str:  9    XL:     5   Next: 70%
Magic:  11/11      EV: 12    Int: 16    God:
Gold:   101        SH:  0    Dex: 13    Spells: 8/12 levels left

rFire    . . .     SeeInvis .   (no weapon)
rCold    . . .     Faith    .   (no shield)
rNeg     . . .     Spirit   .   a - +0 robe
rPois    .         Reflect  .   (no helmet)
rElec    .         Harm     .   (no cloak)
rCorr    .         Rampage  .   (no gloves)
Will     .....                  (no boots)
Stlth    ++........             (no amulet)
HPRegen  0.11/turn              h - +4 ring of protection
MPRegen  0.12/turn              (no ring)

@: mighty, brilliant, lethally poisoned (0 -> -5), flying, slow
A: amphibious, slowness 1, strong legs 1, +LOS
a: Hop


You were on level 4 of the Dungeon.
You visited 2 branches of the dungeon, and saw 6 of its levels.

You collected 101 gold pieces.

Inventory:

Missiles
 o - 4 boomerangs of dispersal
Armour
 a - a +0 robe (worn)
Magical Staves
 t - a staff of fire
Jewellery
 h - a +4 ring of protection (left hand)
 n - a ring of positive energy
Wands
 s - a wand of paralysis (8)
Scrolls
 b - 2 scrolls of enchant weapon {unknown}
 d - a scroll of amnesia {unknown}
 i - 2 scrolls of identify {unknown}
 j - a scroll of noise {unknown}
 l - 2 scrolls of fog {unknown}
 p - a scroll of summoning {unknown}
 q - a scroll of acquirement {unknown}
 r - a scroll of brand weapon {unknown}
 v - a scroll of blinking {unknown}
Potions
 e - a potion of lignification {unknown}
 g - a potion of might
 m - 2 potions of flight
 u - 3 potions of degeneration {unknown}


   Skills:
 + Level 2.3 Dodging
 - Level 1.7 Stealth
 * Level 4.2 Spellcasting
 * Level 6.4 Summonings
 * Level 1.2 Air Magic


You had 8 spell levels left.
You knew the following spells:

 Your Spells              Type           Power      Damage    Failure   Level
a - Summon Small Mammal   Summ           100%       N/A       1%          1
b - Call Canine Familiar  Summ           36%        N/A       3%          3

Your spell library contained the following spells:

 Spells                   Type           Power      Damage    Failure   Level
 Call Imp                 Summ           36%        N/A       1%          2
 Summon Guardian Golem    Hex/Summ       20%        N/A       13%         3
 Foxfire                  Conj/Fire      20%        2x1d5     17%         1
 Summon Lightning Spire   Summ/Air       23%        N/A       32%         4
 Mephitic Cloud           Conj/Pois/Air  7%         N/A       38%         3
 Iskenderun's Battlesphe  Conj           5%         2d6       99%         5


Dungeon Overview and Level Annotations

Branches:
Dungeon (5/15)             Temple (1/1) D:4

Altars:
Ashenzari
Cheibriados
Elyvilon
Fedhas
Hepliaklqana
Kikubaaqudgha
Makhleb
Okawaru
Sif Muna
Trog
Uskayaw
Vehumet
Wu Jian
Xom
Yredelemnul
Zin
The Shining One


Innate Abilities, Weirdness & Mutations

You are amphibious.
You cover ground slowly.
You can hop short distances.
You have an extended range of vision and can be seen from far away.


Message History

r - Retreat! s - Stop attacking. g - Guard the area. f - Follow me.
Anything else - Cancel.
Guard this area!
The water moccasin barely misses you. Something bites your hound.
Something barely misses your hound. Something claws your hound.
Your hound barely misses the water moccasin.
The water moccasin bites you but does no damage.
Your hound misses the water moccasin. Something bites your hound.
Something claws your hound. x2
The water moccasin bites you but does no damage.
The water moccasin completely misses you.
The water moccasin bites you.
You are poisoned.
The water moccasin poisons you!
As you read the scroll of teleportation, it crumbles to dust.
You feel strangely unstable.
You feel very sick. The water moccasin bites you!
* * * LOW HITPOINT WARNING * * *
You feel very sick. The water moccasin bites you.
* * * LOW HITPOINT WARNING * * *
Okay, then.
It was a potion of magic.
Magic courses through your body.
Your surroundings suddenly seem different.
* * * LOW HITPOINT WARNING * * *
You feel sick.
It was a potion of might.
You feel very mighty all of a sudden.
* * * LOW HITPOINT WARNING * * *
You feel sick.
It was a potion of flight.
You feel very buoyant.
You fly up into the air.
* * * LOW HITPOINT WARNING * * *
You feel sick.
It was a potion of brilliance.
You feel clever all of a sudden.
You die...

#..#.....# .###.....##.#
#........# ..........h.#
...##....# ### ###h###h#..#
.........# #.# #.# #.#..#
...##...## #.# #.# #.#..##.#.
...##...####.######.###.#.......
................................
...##............##.#####.###.#.
#..##...####.###@##.# #.# .#
....................# ..# #
#..##..#####.###.##.# #..###.#
#.# #.##.# #...Sh># #.# #.##.#
...##### #.# #.##.# ..h.h..##
#.# #.##.# ##.####h# #.# #.##.#
##.####S####.###.##.#


There were no monsters in sight!

Vanquished Creatures
  2 ball pythons (D:1)
  A hobgoblin (D:1)
3 creatures vanquished.

Vanquished Creatures (collateral kills)
  An ogre (D:4)
  A centaur (D:4)
  A scorpion (D:4)
  A hound (D:4)
  2 adders (D:2)
  3 worms
  A dart slug (D:2)
  5 orcs (D:3)
  6 ball pythons
  5 bats
  10 endoplasms
  8 giant cockroaches
  10 goblins
  8 hobgoblins
  2 jackals (D:2)
  4 kobolds
  7 quokkas
  A ball python skeleton (D:2)
  A frilled lizard (D:2)
  A rat (D:3)
78 creatures vanquished.

Grand Total: 81 creatures vanquished

Notes
Turn   | Place    | Note
-------+----------+-------------------------------------------
     0 | D:1      | H0rd4k the Barachi Summoner began the quest for the Orb.
     0 | D:1      | Reached XP level 1. HP: 13/13 MP: 3/3
    97 | D:1      | Got Lyr Inwa's Volume of Attacks
   537 | D:1      | Reached skill level 5 in Summonings
   850 | D:1      | Reached XP level 2. HP: 7/19 MP: 1/5
  2249 | D:1      | Found a faded altar of an unknown god.
  2459 | D:2      | Reached XP level 3. HP: 24/24 MP: 2/7
  4223 | D:2      | Learned a level 3 spell: Call Canine Familiar
  4464 | D:3      | Found a glowing silver altar of Zin.
  4464 | D:3      | Found a broken altar of Ashenzari.
  4604 | D:3      | Reached XP level 4. HP: 30/30 MP: 1/9
  5072 | D:3      | Found a shimmering blue altar of Sif Muna.
  5333 | D:4      | Noticed an ogre
  5343 | D:4      | Killed an ogre
  5344 | D:4      | Reached skill level 6 in Summonings
  5666 | D:4      | Reached XP level 5. HP: 32/35 MP: 1/10
  5781 | D:4      | Noticed a centaur
  5790 | D:4      | Killed a centaur
  5791 | D:4      | Reached skill level 1 in Air Magic
  6002 | D:4      | Noticed a centaur
  6055 | D:5      | Entered Level 5 of the Dungeon
  6055 | D:5      | Noticed a black bear
  6055 | D:5      | Noticed a water moccasin
  6059 | D:4      | HP: 1/35 [poisoned by a scorpion]
  6443 | D:4      | HP: 1/35 [centaur/arrow (8)]
  6718 | D:4      | Found a staircase to the Ecumenical Temple.
  6727 | Temple   | Entered the Ecumenical Temple
  7069 | D:4      | HP: 1/35 [poisoned by a water moccasin]
  7070 | D:4      | Succumbed to a water moccasin's poison

Illustrated notes

Levels and vault maps discovered:
D:1:      dpeg_arrival_rhombi, layout_loops_corners,
          chequers_ecumenical_altar_simple
D:2:      layout_loops_ring, st_stairs_2, chequers_serial_rivers_room_b,
          minivault_5, minmay_tall_x
D:3:      layout_rooms, nicolae_overflow_hidden_temple
D:4:      layout_basic, minmay_temple_entry_slanted
D:5:      layout_basic
Temple:   dpeg_chambers_temple

Skill      XL: |  1  2  3  4  5 |
---------------+----------------+-----
Summonings     | 5 6 |  6.4
Spellcasting   | 3 4 |  4.2
Air Magic      | 1 |  1.2
Dodging        | |  2.3
Stealth        | |  1.7

Action                   |  1- 3 |  4- 6 || total
-------------------------+-------+-------++-------
Melee: Unarmed           |    37 |     3 ||    40
 Cast: Summon Small Mamm |   172 |    63 ||   235
       Call Canine Famil |     3 |    14 ||    17
 Abil: Hop               |     1 |     1 ||     2
  Use: Potion            |       |     8 ||     8
       Scroll            |       |     3 ||     3
 Stab: Sleeping          |     1 |       ||     1
Armor: Robe              |    40 |    19 ||    59
Dodge: Dodged            |    97 |    40 ||   137
